 Dungeon Crawl Stone Soup version 0.29-a0-1052-g6990b1bffc (webtiles) character file.

Game seed: 12723191128757342584

6251 slphil the Swashbuckler (level 11, -13/67 HPs)
             Began as a Kobold Artificer on Aug 17, 2022.
             Was an Initiate of Gozag.
             Shot with an arrow by a centaur warrior (15 damage)
             ... on level 9 of the Dungeon.
             The game lasted 00:21:08 (10425 turns).

slphil the Swashbuckler (Kobold Artificer)         Turns: 10425, Time: 00:21:09

Health: -13/67     AC:  4    Str: 11    XL:     11   Next: 15%
Magic:  0/11       EV: 19    Int: 12    God:    Gozag
Gold:   970        SH:  0    Dex: 19    Spells: 10/10 levels left

rFire   . . .      SeeInvis .   a - +7 rapier (elec)
rCold   + . .      Faith    .   (no shield)
rNeg    + . .      Spirit   +   y - +2 leather armour {rC+}
rPois   .          Reflect  .   p - +0 helmet
rElec   .          Harm     .   o - +0 cloak
rCorr   .          Rampage  .   (no gloves)
Will    +....                   N - +0 pair of boots
Stlth   +++++.....              g - amulet of guardian spirit
HPRegen 0.21/turn               E - ring of positive energy
MPRegen 0.12/turn               I - ring of willpower

@: about to teleport, corroded, studying Short Blades
A: small, no large weapons, nightstalker 3
a: Renounce Religion, Potion Petition, Call Merchant, Bribe Branch


You were on level 9 of the Dungeon.
You worshipped Gozag.
Gozag was pleased with you.
You visited 1 branch of the dungeon, and saw 9 of its levels.

You collected 1480 gold pieces.
You spent 459 gold pieces at shops.
You paid 51 gold pieces to Gozag.

Inventory:

Hand Weapons
 a - a +7 rapier of electrocution (weapon)
 n - a +0 dagger of freezing
 q - a +1 falchion of electrocution
 v - a +1 scimitar of flaming
 D - a +0 long sword
 P - a +2 short sword of freezing
Missiles
 h - 11 boomerangs
Armour
 o - a +0 cloak (worn)
 p - a +0 helmet (worn)
 y - a +2 leather armour of cold resistance (worn)
 N - a +0 pair of boots (worn)
Jewellery
 g - an amulet of guardian spirit (around neck)
 E - a ring of positive energy (left hand)
 I - a ring of willpower (right hand)
Wands
 c - a wand of flame (27) (quivered)
 d - a wand of charming (23)
 e - a wand of iceblast (2)
 j - a wand of roots (4)
 A - a wand of mindburst (13)
 C - a wand of polymorph (6)
Scrolls
 k - a scroll of brand weapon
 m - a scroll of poison
 r - a scroll of summoning
 t - a scroll of amnesia
 u - 4 scrolls of teleportation
 w - 3 scrolls of immolation
 B - 3 scrolls of vulnerability
 F - a scroll of identify
 H - a scroll of noise {unknown}
Potions
 b - 3 potions of cancellation {unknown}
 f - 4 potions of degeneration
 i - 2 potions of lignification {unknown}
 l - a potion of invisibility {unknown}
 s - 3 potions of attraction
 x - a potion of might {unknown}
 z - 2 potions of curing {unknown}
 J - 3 potions of flight
 K - a potion of resistance {unknown}
 L - a potion of experience {unknown}
 M - 3 potions of brilliance
 O - 4 potions of heal wounds


   Skills:
 * Level 7.3 Fighting
 + Level 15.1 Short Blades
 - Level 0.7 Armour
 * Level 8.3 Dodging
 * Level 9.8 Stealth
 - Level 5.0 Evocations


You had 10 spell levels left.
You didn't know any spells.
Your spell library contained the following spells:

 Spells                   Type           Power      Damage    Failure   Level
 Beastly Appendage        Tmut           0%         N/A       41%         1
 Wereblood                Tmut           0%         N/A       54%         2
 Spider Form              Tmut/Pois      0%         N/A       78%         3
 Summon Forest            Summ/Tloc      0%         N/A       100%        5
 Eringya's Noxious Bog    Tmut/Pois      0%         N/A       100%        6
 Summon Hydra             Summ           0%         N/A       100%        7


Dungeon Overview and Level Annotations

Branches:
Dungeon (9/15)             Temple (0/1) D:6            Lair (0/5) D:9
    Orc: D:9-12

Altars:
Ashenzari
Cheibriados
Dithmenos
Gozag
Makhleb
Okawaru
Qazlal
Vehumet
Wu Jian
Zin
The Shining One

Shops:
D:1 *   D:4 *

Annotations:
D:7 2 transporters, Valamore's ghost, novice DjCj


Innate Abilities, Weirdness & Mutations

You are small and have problems with some larger weapons.
You are completely attuned to the shadows.


Message History

You hear a shout!
You puncture the acid dragon!
The acid dragon is heavily wounded.
You hit the acid dragon.
The acid dragon is severely wounded.
The acid dragon misses you. The acid dragon barely misses you.
You hit the acid dragon but do no damage.
The acid dragon is severely wounded.
A wyvern comes into view.
You barely miss the acid dragon.
The acid dragon is severely wounded.
The acid dragon barely misses you. The acid dragon claws you.
You hit the acid dragon.
The acid dragon is almost dead.
The wyvern is distracted by your dazzling golden aura.
You closely miss the acid dragon.
The acid dragon is almost dead.
The acid dragon completely misses you. The acid dragon claws you.
The wyvern hisses angrily.
You hit the acid dragon.
The acid dragon is almost dead.
You puncture the acid dragon!
You kill the acid dragon!
A yak comes into view.
A centaur warrior comes into view.
The centaur warrior wields a +0 shortbow.
The centaur warrior shoots an arrow.
The arrow hits you!!
* * * LOW HITPOINT WARNING * * *
A water moccasin comes into view.
You hear a howl!
You see here 15 gold pieces.
As you read the scroll of teleportation, it crumbles to dust.
You feel strangely unstable. The wyvern barely misses you.
The centaur warrior shoots an arrow.
The arrow hits you!!
* * * LOW HITPOINT WARNING * * *
The wyvern misses you.
A boulder beetle comes into view.
The centaur warrior shoots an arrow.
The arrow hits you!
You die...
Your body crumbles into a pile of gold.

$ .......# ...# #.
#.#....# .c..B ...#
#.##...#
.#..Y#....###.##...#
$
$#...#.#............#
$ ..#$l.#.(..#.##...#
..S..@......#.##...#
.#...#......#.##...#
$
#...#$#.....#.###.##
...#..$#......# #.#
...........### #.#
...#......# #.#
#........# #.##
##......# #..##
....).### ##..##


You could see a boulder beetle (wandering), a centaur warrior, a yak, a water
moccasin and a wyvern.

Vanquished Creatures
  Erica (D:8)
  Pikel (D:8)
  Maurice (D:8)
  Maggie (D:7)
  Grinder (D:6)
  Sigmund (D:3)
  4 yaks (D:8)
  2 steam dragons
  Menkaure (D:7)
  An acid dragon (D:9)
  Duvessa (D:7)
  3 orc warriors
  A sky beast (D:7)
  2 ice beasts
  2 ogres
  A centaur (D:9)
  A phantom (D:4)
  Blork the orc (D:4)
  A bullfrog (D:8)
  A necrophage (D:5)
  2 scorpions (D:7)
  14 wights
  Dowan (D:7)
  5 killer bees (D:8)
  4 howler monkeys
  A hound (D:5)
  3 orc priests
  2 jellies (D:5)
  4 iguanas
  12 orc wizards
  Robin (D:3)
  2 gnolls
  7 adders
  4 white imps
  An ufetubus (D:6)
  A worm (D:2)
  28 orcs
  7 ball pythons
  5 bats
  2 endoplasms
  A giant cockroach (D:3)
  15 goblins
  8 hobgoblins
  3 jackals (D:1)
  4 quokkas
  4 frilled lizards
  4 hobgoblin zombies (D:7)
  13 kobolds
  A kobold skeleton (D:7)
  2 kobold zombies (D:7)
  An orc zombie (D:7)
  5 rats (D:1)
195 creatures vanquished.

Vanquished Creatures (collateral kills)
  An orc priest (D:4)
1 creature vanquished.

Vanquished Creatures (others)
  A goblin (D:3)
  17 plants (D:4)
18 creatures vanquished.

Grand Total: 214 creatures vanquished

Notes
Turn   | Place    | Note
-------+----------+-------------------------------------------
     0 | D:1      | slphil the Kobold Artificer began the quest for the Orb.
     0 | D:1      | Reached XP level 1. HP: 12/12 MP: 1/1
   616 | D:1      | Reached XP level 2. HP: 11/16 MP: 2/2
   938 | D:1      | Reached XP level 3. HP: 21/21 MP: 3/3
  1602 | D:1      | Found Geceec's General Store.
  2415 | D:2      | Reached XP level 4. HP: 22/26 MP: 4/4
  2593 | D:2      | Found a radiant altar of Vehumet.
  2936 | D:3      | Noticed Robin
  2981 | D:3      | Killed Robin
  3036 | D:3      | Noticed Sigmund
  3037 | D:3      | Killed Sigmund
  3038 | D:3      | Reached skill level 5 in Evocations
  3038 | D:3      | Reached XP level 5. HP: 32/32 MP: 5/5
  3038 | D:3      | Reached XP level 6. HP: 37/37 MP: 6/6
  3386 | D:3      | Reached skill level 1 in Short Blades
  3634 | D:3      | Found an opulent altar of Gozag.
  3645 | D:3      | Became a worshipper of Gozag Ym Sagoz the Greedy
  3971 | D:4      | Found Yfima's Assorted Antiques.
  3997 | D:4      | Reached XP level 7. HP: 33/41 MP: 7/7
  4068 | D:4      | Reached skill level 2 in Short Blades
  4082 | D:4      | Reached skill level 5 in Stealth
  4317 | D:4      | Found a broken altar of Ashenzari.
  4404 | D:4      | Reached skill level 5 in Dodging
  4610 | D:4      | Found an iron altar of Okawaru.
  4614 | D:4      | Found a shadowy altar of Dithmenos.
  4884 | D:4      | Found a burning altar of Makhleb.
  4923 | D:4      | Found a stormy altar of Qazlal.
  4977 | D:4      | Reached skill level 3 in Short Blades
  5112 | D:4      | Noticed Blork the orc
  5118 | D:4      | Killed Blork the orc
  5119 | D:4      | Reached XP level 8. HP: 40/48 MP: 8/8
  5536 | D:5      | Entered Level 5 of the Dungeon
  5749 | D:5      | Reached skill level 4 in Short Blades
  6123 | D:5      | Reached skill level 5 in Fighting
  6533 | D:5      | Reached skill level 5 in Short Blades
  6792 | D:4      | Bought a scroll labelled SEKKAOTZAU for 19 gold pieces
  6792 | D:4      | Bought a scroll labelled HUZEISTR ROFIRGHE for 19 gold
                  | pieces
  6792 | D:4      | Bought a scroll labelled TECZANA GOMP for 19 gold pieces
  6792 | D:4      | Bought 2 fuming pink potions for 34 gold pieces
  6792 | D:4      | Bought a bubbling green potion for 17 gold pieces
  6792 | D:4      | Bought a bubbling pink potion for 17 gold pieces
  6792 | D:4      | Bought a scroll labelled HESEM BOMOBU for 19 gold pieces
  6896 | D:1      | Bought a wand of roots (5) for 168 gold pieces
  6896 | D:1      | Bought a scroll of teleportation for 42 gold pieces
  6896 | D:1      | Bought a scroll of enchant weapon for 105 gold pieces
  7069 | D:6      | Reached skill level 6 in Short Blades
  7153 | D:6      | Noticed Grinder
  7163 | D:6      | Paralysed by Grinder for 2 turns
  7168 | D:6      | Killed Grinder
  7169 | D:6      | Reached skill level 7 in Short Blades
  7169 | D:6      | Reached XP level 9. HP: 48/54 MP: 9/9
  7534 | D:6      | Found a staircase to the Ecumenical Temple.
  7632 | D:6      | Found a glowing silver altar of Zin.
  7733 | D:6      | Found an ornate altar of the Wu Jian Council.
  7887 | D:7      | Reached skill level 8 in Short Blades
  8205 | D:7      | Found a transporter.
  8208 | D:7      | Found a transporter.
  8211 | D:7      | Noticed Menkaure
  8214 | D:7      | Reached skill level 9 in Short Blades
  8219 | D:7      | Killed Menkaure
  8221 | D:7      | Noticed Duvessa
  8225 | D:7      | Killed Duvessa
  8226 | D:7      | Reached skill level 10 in Short Blades
  8245 | D:7      | Noticed Dowan
  8247 | D:7      | Killed Dowan
  8393 | D:7      | Found a glowing golden altar of the Shining One.
  8664 | D:7      | Noticed Valamore's ghost (novice DjCj)
  8679 | D:7      | Reached skill level 11 in Short Blades
  8923 | D:7      | Noticed Maggie
  8925 | D:7      | Killed Maggie
  8926 | D:7      | Reached skill level 12 in Short Blades
  9058 | D:7      | Reached XP level 10. HP: 59/59 MP: 10/10
  9209 | D:8      | Identified a scroll of acquirement
  9209 | D:8      | Acquired a manual of Short Blades
  9267 | D:8      | Reached skill level 13 in Short Blades
  9421 | D:8      | Reached skill level 14 in Short Blades
  9641 | D:8      | Noticed Pikel
  9649 | D:8      | Killed Pikel
  9775 | D:8      | Found a snail-covered altar of Cheibriados.
  9853 | D:8      | Noticed Erica
  9857 | D:8      | Killed Erica
  9974 | D:8      | Noticed Maurice
  9978 | D:8      | Killed Maurice
 10014 | D:8      | Reached XP level 11. HP: 65/66 MP: 11/11
 10036 | D:8      | Reached skill level 15 in Short Blades
 10347 | D:9      | Found a staircase to the Lair.
 10423 | D:9      | Noticed a centaur warrior
 10424 | D:9      | HP: 1/67 [centaur warrior/arrow (18)]
 10425 | D:9      | Noticed a boulder beetle
 10425 | D:9      | Shot with an arrow by a centaur warrior

Illustrated notes

Levels and vault maps discovered:
D:1:      dpeg_arrival_rooms_a, layout_basic, serial_shops, shop
D:2:      layout_basic, basic_altar, dreamdust_ecumenical_altar_drowned_temple
D:3:      layout_basic, nicolae_gozag_cash_rules_everything_around_me,
          chequers_serial_rivers_large_a, uniq_sigmund, uniq_robin
D:4:      minmay_wonky_spiral, layout_basic,
          mainiacjoe_overflow_six_doors_small, ashenzari_conservatory_becter,
          lemuel_crystal_altar, jmf_multi_god_temple, serial_bayou,
          serial_bayou_crossing, serial_bayou_shore_b, serial_bayou_pond_b,
          serial_bayou_lagoon_a, serial_shops, nicolae_square_shop,
          minmay_misc_feat_pillars, guppyfry_early_orc_mine, uniq_blork_the_orc
D:5:      layout_basic, chequers_serial_rivers_small_3
D:6:      nicolae_cairo_tiling_large_dashed, layout_loops_ring,
          mainiacjoe_overflow_catch_the_wave, minmay_temple_entry_offerings,
          patterned_corridor, uniq_grinder
D:7:      layout_loops_ring, nicolae_tso_besieged_by_evil,
          gammafunk_ghost_abyssal_escape, uniq_duvessa, uniq_maggie,
          uniq_menkaure
D:8:      layout_basic, nicolae_overflow_hidden_temple, uniq_pikel, uniq_erica,
          uniq_maurice
D:9:      cheibrodos_fzero, layout_rooms, nicolae_uskayaw_en_pointe,
          mainiacjoe_overflow_alcove_1, old_standard_altar, david_lair_shrubbed

Skill      XL: |  1  2  3  4  5  6  7  8  9 10 11 |
---------------+----------------------------------+-----
Stealth        | 2 4 5 7 9 |  9.8
Evocations     | 4 5 |  5.0
Dodging        | 3 4 5 6 7 8 |  8.3
Fighting       | 2 3 4 5 6 7 |  7.3
Short Blades   | 1 3 7 12 14 15 | 15.1
Armour         | |  0.7

Action                   |  1- 3 |  4- 6 |  7- 9 | 10-12 || total
-------------------------+-------+-------+-------+-------++-------
Melee: Short sword       |   137 |     2 |    44 |       ||   183
       Club              |     9 |       |       |       ||     9
       Punch             |     1 |     2 |     1 |     4 ||     8
       Dagger            |       |    30 |       |       ||    30
       Falchion          |       |    62 |   140 |       ||   202
       Rapier            |       |       |    38 |   128 ||   166
Evoke: Wand              |     2 |     6 |    16 |       ||    24
  Use: Scroll            |       |       |    11 |    10 ||    21
 Stab: Sleeping          |    18 |     6 |    16 |    11 ||    51
       Distracted        |       |     1 |     4 |     2 ||     7
       Betrayed ally     |       |       |     1 |       ||     1
Armor: Leather armour    |    17 |    20 |    43 |     8 ||    88
Dodge: Dodged            |    89 |    74 |   153 |    95 ||   411

Table legend: (Time is in decaauts)
 A = Elapsed time spent in this place.
 B = Non-inter-level travel time spent in this place.
 C = Inter-level travel time spent in this place.
 D = Time resting spent in this place.
 E = Time spent auto-exploring this place.
 F = Levels seen in this place.
 G = Mean time per level.
                   A        B        C        D        E       F      G
               +--------+--------+--------+--------+--------+-----+--------+
         Total |  10446 |   9821 |    625 |    817 |   7534 |   9 | 1160.7 |
       Dungeon |  10446 |   9821 |    625 |    817 |   7534 |   9 | 1160.7 |
               +--------+--------+--------+--------+--------+-----+--------+

Top non-repeatable levels by time:
     D:1: 2249 daAuts
     D:4: 1727 daAuts
     D:3: 1258 daAuts
     D:5: 1241 daAuts
     D:6: 1142 daAuts
     D:7: 1014 daAuts
     D:8: 991 daAuts
     D:2: 649 daAuts
     D:9: 171 daAuts
